 Dungeon Crawl Stone Soup version 0.26-a0-67-g850bfe61e3 (webtiles) character file.

Game seed: 9212769467966128494

0 Gargoyl the Skirmisher (level 1, -7/19 HPs)
             Began as a Centaur Abyssal Knight on June 12, 2020.
             Was a Follower of Lugonu.
             Mangled by a large abomination (14 damage)
             ... on level 2 of the Abyss.
             The game lasted 00:00:22 (105 turns).

Gargoyl the Skirmisher (Centaur Abyssal Knight)      Turns: 105, Time: 00:00:22

Health: -7/19      AC:  5    Str: 14    XL:     1   Next: 0%
Magic:  2/2        EV:  8    Int: 11    God:    Lugonu [*.....]
Gold:   55         SH:  0    Dex:  8    Spells: 0/0 levels left

rFire    . . .     SeeInvis .   a - +1 hand axe
rCold    . . .     Gourm    .   (no shield)
rNeg     . . .     Faith    .   d - +0 ring mail
rPois    .         Spirit   .   (no helmet)
rElec    .         Reflect  .   (no cloak)
rCorr    .         Harm     .   (no gloves)
MR       .....                  (no barding)
Stlth    ..........             (no amulet)
HPRegen  0.06/turn              (no ring)
MPRegen  0.08/turn              (no ring)

@: very slow
A: large, hooves 3, deformed body, speed 2, tough skin 3
a: Depart the Abyss, Renounce Religion


You were on level 2 of the Abyss.
You worshipped Lugonu.
Lugonu was aware of your devotion.
You were not hungry.

You visited 0 branches of the dungeon, and saw 0 of its levels.
You visited the Abyss 1 time.

You collected 55 gold pieces.

Inventory:

Hand Weapons
 a - a +1 hand axe (weapon)
Armour
 b - a +0 leather armour
 d - a +0 ring mail (worn)
Comestibles
 c - a ration


   Skills:
 + Level 3.0 Fighting
 + Level 1.7 Axes
 + Level 1.3 Armour
 + Level 0.6 Dodging
 + Level 2.0 Invocations


You couldn't memorise any spells.
You didn't know any spells.
Your spell library was empty.

Dungeon Overview and Level Annotations

Branches:
Dungeon (0/15)

Altars:


Innate Abilities, Weirdness & Mutations

You have hooves in place of feet.
Armour fits poorly on your strangely shaped body.
You cover ground very quickly.
You have extremely tough skin. (AC +3)


Message History

The insubstantial wisp gives a chilling moan.
Found 35 gold pieces.
An insubstantial wisp comes into view.
The insubstantial wisp gives a chilling moan.
An insubstantial wisp comes into view.
The insubstantial wisp gives a chilling moan.
You hear a chilling moan.
You hear a shout!
You hear a chilling moan.
You see here 35 gold pieces.
You now have 55 gold pieces (gained 35).
An insubstantial wisp comes into view.
The insubstantial wisp gives a chilling moan.
The insubstantial wisp hits you!
The insubstantial wisp blinks!
A large abomination comes into view.
Found a gateway leading deeper into the Abyss.
You enter the shallow water.
Moving in this stuff is going to be slow.
A neqoxec comes into view.
The insubstantial wisp blinks!
The large abomination hits you!
Ouch! That really hurt!
You die...

#.... #....#....# #..
#.##..#.#....##
#.....#.#v...###..#..#
##...###.....#...§..
#.. ####.§.#...# ##
#.. ..###.#vv.##... ≈≈
≈#..###§##..... ≈≈≈
≈≈≈≈≈≈X≈≈>≈≈≈≈≈
≈≈≈≈≈≈≈@♣≈≈♣≈≈≈
.v.#..#.......# .#
##......##.# #...#....
# .#...#.#3# .##.#.
.#... #. ## # # # .


You could see a large abomination, a neqoxec (wandering) and 3 insubstantial
wisps.

Vanquished Creatures
  A lurking horror (Abyss:2)
1 creature vanquished.

Notes
Turn   | Place    | Note
-------+----------+-------------------------------------------
     0 | Abyss:1  | Gargoyl the Centaur Abyssal Knight began the quest for the
                  | Orb.
     0 | Abyss:1  | Reached XP level 1. HP: 19/19 MP: 2/2
    25 | Abyss:2  | Found a corrupted altar of Lugonu.
    88 | Abyss:2  | Noticed an insubstantial wisp
    95 | Abyss:2  | Noticed an insubstantial wisp
    96 | Abyss:2  | Noticed an insubstantial wisp
   100 | Abyss:2  | Noticed an insubstantial wisp
   103 | Abyss:2  | Noticed a large abomination
   105 | Abyss:2  | Noticed a neqoxec
   105 | Abyss:2  | Mangled by a large abomination

Illustrated notes

Levels and vault maps discovered:
Abyss:2

Action                   || total
-------------------------++-------
Melee: Hand axe          ||     1

Table legend:
 A = Non-vault XP
 B = Vault XP
 C = Vault XP percentage of total XP
 D = Non-vault monster count
 E = Vault monster count
 F = Vault count percentage of total count
                 A         B        C        D         E       F
            +---------+---------+-------+---------+---------+-------
      Total |       0 |       0 |   N/A |       0 |       0 |  -nan
            +---------+---------+-------+---------+---------+-------
            +---------+---------+-------+---------+---------+-------
